 Dungeon Crawl Stone Soup version 0.25.0-11-g1f837a76a1 (webtiles) character file.

Game seed: 10734530721632741678

214 MisterFreud the Skirmisher (level 5, -4/50 HPs)
             Began as a Minotaur Hunter on June 27, 2020.
             Slain by Sigmund
             ... wielding a +0 scythe of protection
              (7 damage)
             ... on level 3 of the Dungeon.
             The game lasted 00:03:24 (2971 turns).

MisterFreud the Skirmisher (Minotaur Hunter)        Turns: 2971, Time: 00:03:24

Health: -4/50      AC:  9    Str: 17    XL:     5   Next: 59%
Magic:  4/4        EV:  7    Int:  8    God:
Gold:   129        SH:  0    Dex: 11    Spells: 4/4 levels left

rFire    . . .     SeeInvis .   c - +0 war axe
rCold    . . .     Gourm    .   (no shield)
rNeg     . . .     Faith    .   s - +0 chain mail
rPois    .         Spirit   .   (helmet restricted)
rElec    .         Reflect  .   (no cloak)
rCorr    .         Harm     .   (no gloves)
MR       .....                  (no boots)
Stlth    ..........             (no amulet)
HPRegen  0.16/turn              (no ring)
MPRegen  0.09/turn              (no ring)

@: no status effects
A: retaliatory headbutt, horns 2
a: no special abilities


You were on level 3 of the Dungeon.
You were hungry.

You visited 1 branch of the dungeon, and saw 3 of its levels.

You collected 129 gold pieces.

Inventory:

Hand Weapons
 a - a +1 hunting sling
 b - a +0 short sword
 c - a +0 war axe (weapon)
Missiles
 d - 38 sling bullets
 l - 149 stones (quivered)
 p - a throwing net
 q - 3 poisoned darts
Armour
 s - a +0 chain mail (worn)
Jewellery
 m - an uncursed ring of ice
Scrolls
 e - 7 scrolls of identify {unknown}
 h - 2 scrolls of remove curse {unknown}
 k - a scroll of teleportation {unknown}
 o - a scroll of blinking {unknown}
Potions
 g - a potion of stabbing {unknown}
 i - a potion of lignification {unknown}
 j - a potion of brilliance {unknown}
 n - 3 potions of heal wounds {unknown}
 r - a potion of flight {unknown}
Comestibles
 f - 6 rations
 t - 2 chunks of flesh


   Skills:
 - Level 6.0 Fighting
 * Level 0.2 Axes
 - Level 4.3 Slings
 + Level 3.6 Armour
 - Level 2.1 Dodging
 - Level 0.7 Stealth


You had 4 spell levels left.
You didn't know any spells.
Your spell library was empty.

Dungeon Overview and Level Annotations

Branches:
Dungeon (3/15)

Altars:
Nemelex Xobeh

Annotations:
D:3 1 runed translucent door, NebNelluc's ghost, amateur TrMo; Sigmund


Innate Abilities, Weirdness & Mutations

You reflexively headbutt those who attack you in melee.
You have a pair of horns on your head.


Message History

Something hits you.
Your chain mail prevents you from hitting something.
Your headbutt misses something. Something hits you but does no damage.
You slash something! Something hits you!
You miss something. Something hits you!
* * * LOW HITPOINT WARNING * * *
You closely miss something. You headbutt something.
Something hits you but does no damage.
Your chain mail prevents you from hitting something.
Your headbutt misses something.
You hear some strange, mumbled words.
A magic dart appears from out of thin air!
The magic dart hits you but does no damage.
Okay, then.
You barely miss something. Your headbutt misses something. Something hits you!
* * * LOW HITPOINT WARNING * * *
You hit something. Something hits you.
* * * LOW HITPOINT WARNING * * *
You barely miss something. You headbutt something. Something hits you!
You die...

.# #.# #.# #.# #<#
.######.# #.# #.# #.#
.....##.####.# #.# #.#
.....##....#.# #.# #.#
.....#####.#[# #.# #.#
.##### #.# #.# #.#
..########.# #.#
.........#.#.# #.#
......##.#.#.# #@#
...##.##.#.#)# #{#
....#.##.#.#.#.#.# ..
....#.#..#.#.#.#.######..
....#.#..#.#.#...........
.####.#..#.#.###......#..
....#รท#..#.#...........#.
###.#.........###...#...#
.##.###.###...###....#..#


There were no monsters in sight!

Vanquished Creatures
  A gnoll sergeant (D:2)
  Terence (D:3)
  A worker ant (D:1)
  4 gnolls
  2 adders (D:2)
  A dart slug (D:2)
  A leopard gecko (D:3)
  4 giant cockroaches
  4 goblins
  3 hobgoblins
  2 quokkas (D:2)
  2 ball pythons (D:2)
  8 bats
  3 frilled lizards (D:1)
  4 kobolds
  2 rats
43 creatures vanquished.

Notes
Turn   | Place    | Note
-------+----------+-------------------------------------------
     0 | D:1      | MisterFreud the Minotaur Hunter began the quest for the
                  | Orb.
     0 | D:1      | Reached XP level 1. HP: 18/18 MP: 0/0
   191 | D:1      | Reached skill level 3 in Fighting
   372 | D:1      | Reached XP level 2. HP: 26/26 MP: 1/1
   931 | D:2      | Reached skill level 4 in Fighting
  1129 | D:2      | Found a sparkling altar of Nemelex Xobeh.
  1162 | D:2      | Reached XP level 3. HP: 32/33 MP: 2/2
  1169 | D:2      | Noticed a gnoll sergeant
  1334 | D:1      | Reached skill level 5 in Fighting
  1631 | D:2      | Reached XP level 4. HP: 39/42 MP: 3/3
  1928 | D:2      | Killed a gnoll sergeant
  1928 | D:2      | Reached skill level 6 in Fighting
  1928 | D:2      | Reached XP level 5. HP: 18/50 MP: 4/4
  2639 | D:3      | Noticed Terence
  2673 | D:3      | Killed Terence
  2829 | D:3      | Found a runed translucent door.
  2844 | D:3      | Noticed NebNelluc's ghost (amateur TrMo)
  2946 | D:3      | Noticed Sigmund
  2971 | D:3      | Slain by Sigmund

Illustrated notes

Levels and vault maps discovered:
D:1:      dpeg_arrival_refuge, layout_basic, minivault_19, st_stairs_11,
          minmay_cupped
D:2:      layout_basic, nemelex_altar_shiori, serial_bayou_pond_e
D:3:      layout_basic, ebering_ghost_reflecting_pool, minivault_19,
          minmay_splitting_lines, uniq_jessica, uniq_terence, uniq_sigmund

Skill      XL: |  1  2  3  4  5 |
---------------+----------------+-----
Fighting       | 3 4 5 6 |  6.0
Armour         | 2 3 |  3.6
Axes           | |  0.2
Slings         | |  4.3
Dodging        | |  2.1
Stealth        | |  0.7

Action                   |  1- 3 |  4- 6 || total
-------------------------+-------+-------++-------
Melee: Short sword       |    70 |    81 ||   151
       Headbutt          |    13 |    30 ||    43
       War axe           |       |    22 ||    22
 Fire: Hunting sling     |     2 |       ||     2
  Eat: Chunk             |     2 |     4 ||     6
Armor: Scale mail        |    26 |    21 ||    47
       Leather armour    |     3 |       ||     3
       Chain mail        |       |    16 ||    16
Dodge: Dodged            |    49 |    53 ||   102
